 Dungeon Crawl Stone Soup version 0.30-a0-728-gc68057be0a (webtiles) character file.

Game seed: 4650437269741705666

140 Lavandula the Slasher (level 5, -3/41 HPs)
             Began as a Human Monk on Jan 31, 2023.
             Slain by an orc
             ... wielding a +0 falchion
              (5 damage)
             ... on level 4 of the Dungeon.
             The game lasted 00:05:13 (3124 turns).

Lavandula the Slasher (Human Monk)                  Turns: 3124, Time: 00:05:14

Health: -3/41      AC:  2    Str: 14    XL:     5   Next: 47%
Magic:  5/5        EV: 13    Int: 10    God:
Gold:   57         SH:  0    Dex: 15    Spells: 4/4 levels left

rFire   . . .      SeeInvis .    a - +0 falchion
rCold   . . .      Faith    .    (no shield)
rNeg    . . .      Spirit   .    b - +0 robe
rPois   .          Reflect  .    (no helmet)
rElec   .          Harm     .    (no cloak)
rCorr   .          Rampage  .    (no gloves)
Will    .....                    (no boots)
Stlth   ++                       (no amulet)
HPRegen 0.26/turn                (no ring)
MPRegen 0.09/turn                (no ring)

@: no status effects
A: no striking features
a: no special abilities


You were on level 4 of the Dungeon.
You visited 1 branch of the dungeon, and saw 6 of its levels.

You collected 197 gold pieces.
You spent 140 gold pieces at shops.

Inventory:

Hand Weapons
 a - a +0 falchion (weapon)
Missiles
 t - 4 poisoned darts (quivered)
Armour
 b - a +0 robe (worn)
 u - the +0 leather armour of Wu Jian's Displeasure {rElec rN+ Str-3}
   (You bought it in a shop on level 1 of the Dungeon)

   Str:       It affects your strength (-3).
   rElec:     It insulates you from electricity.
   rN:        It protects you from negative energy.
Wands
 p - a wand of charming (1)
Scrolls
 d - a scroll of vulnerability {unknown}
 e - 3 scrolls of magic mapping {unknown}
 f - 3 scrolls of identify {unknown}
 h - a scroll of blinking {unknown}
 j - a scroll of torment {unknown}
 m - 3 scrolls of teleportation {unknown}
 n - a scroll of summoning {unknown}
 o - a scroll of enchant weapon {unknown}
 q - a scroll of enchant armour {unknown}
 v - a scroll of silence {unknown}
Potions
 g - a potion of degeneration {unknown}
 i - 2 potions of curing {unknown}
 k - a potion of resistance {unknown}
 l - a potion of heal wounds {unknown}
 r - a potion of lignification {unknown}
 s - a potion of magic {unknown}
 w - a potion of attraction {unknown}
 x - a potion of mutation {unknown}


   Skills:
 - Level 3.0 Fighting
 + Level 5.7 Long Blades
 - Level 3.0 Dodging
 - Level 2.0 Stealth


You had 4 spell levels left.
You didn't know any spells.
Your spell library contained the following spells:

 Spells                   Type           Power      Damage    Failure   Level
 Beastly Appendage        Tmut           0%         N/A       36%         1
 Wereblood                Tmut           0%         N/A       50%         2
 Ignite Poison            Fire/Tmut/Pois 0%         N/A       75%         3
 Spider Form              Tmut/Pois      0%         N/A       75%         3
 Sticky Flame             Conj/Fire      0%         2d3       98%         4
 Ignition                 Fire           0%         3d3       100%        8


Dungeon Overview and Level Annotations

Branches:
Dungeon (6/15)
 Temple: D:4-7

Altars:
Cheibriados
Wu Jian

Shops:
D:1 [   D:2 *   D:5 !

Annotations:
D:3 Terence


Message History

The orc priest miscasts a cantrip.
The orc hits you but does no damage.
You hit the orc priest.
The orc priest is moderately wounded.
The orc barely misses you. The orc priest hits you with a +0 club.
The orc hits you but does no damage.
You barely miss the orc priest.
The orc priest is moderately wounded.
The orc closely misses you. The orc priest barely misses you.
The orc closely misses you. The orc attacks as you move away!
The orc hits you with a +0 falchion. The orc priest misses you.
The orc priest mumbles some strange prayers to Beogh against you.
Beogh smites you! The orc attacks as you move away!
The orc hits you with a +0 falchion. The orc attacks as you move away!
The orc hits you with a +0 falchion.
* * * LOW HITPOINT WARNING * * *
You are confused.
You feel invigorated. The orc closely misses you.
The orc attacks as you move away! The orc barely misses you.
You bump into the rock wall.
The orc closely misses you.
You feel less invigorated.
You feel less confused.
The orc priest mumbles some strange prayers to Beogh against you.
Beogh smites you!
The orc priest calls down the wrath of Beogh upon you.
Beogh smites you!
* * * LOW HITPOINT WARNING * * *
Found 11 gold pieces.
The orc attacks as you move away! The orc misses you.
Okay, then.
You see here 11 gold pieces.
The orc attacks as you move away! The orc closely misses you.
The orc priest invokes the aid of Beogh against you.
Beogh smites you!
* * * LOW HITPOINT WARNING * * *
The orc attacks as you move away! The orc hits you with a +0 falchion.
* * * LOW HITPOINT WARNING * * *
The orc attacks as you move away! The orc hits you with a +0 falchion.
You die...

### #.######## #.oo.$...#
#.######.################ #.#
#...............†...#
#.##.###.##o##############.#
#......#S#..@.....#........##
####.#.#o#..#####.#.####.....
#.#o#o#..# #..'.....
.#.#.#.#.#..### #.##.....
.....#o#.#..... ......#...
#.....o........ ..^.........
#.#.#.#.#...... .#.........)
.#.#.#.####### #+#.####... #
#.#.# ........#.


You could see an orc.

Vanquished Creatures
  An iguana (D:5)
  4 adders
  2 worms
  2 dart slugs
  6 orcs
  4 ball pythons
  7 endoplasms
  A giant cockroach (D:2)
  9 goblins
  6 hobgoblins
  7 kobolds
  A quokka (D:4)
  5 bats
  3 frilled lizards (D:1)
  3 rats
61 creatures vanquished.

Notes
Turn   | Place    | Note
-------+----------+-------------------------------------------
     0 | D:1      | Lavandula the Human Monk began the quest for the Orb.
     0 | D:1      | Reached XP level 1. HP: 18/18 MP: 1/1
    59 | D:1      | Found Hyimpown's Antique Armour Shoppe.
    68 | D:1      | Reached XP level 2. HP: 17/24 MP: 2/2
   818 | D:2      | Reached skill level 4 in Long Blades
   818 | D:2      | Reached XP level 3. HP: 29/29 MP: 3/3
   972 | D:2      | Identified the +0 trident of Symmetry {elec, Fly rF- Str+4
                  | Int+3}
  1145 | D:2      | Found Olotejor's General Store.
  1293 | D:2      | Found a snail-covered altar of Cheibriados.
  1422 | D:3      | Reached XP level 4. HP: 20/35 MP: 4/4
  1562 | D:3      | You fall into a shaft and drop 3 floors!
  1563 | D:6      | Noticed a centaur
  1566 | D:5      | Entered Level 5 of the Dungeon
  1566 | D:5      | Found Quoseu's Distillery.
  1573 | D:5      | Reached skill level 5 in Long Blades
  1801 | D:3      | Reached XP level 5. HP: 27/41 MP: 5/5
  1916 | D:3      | Found an ornate altar of the Wu Jian Council.
  2528 | D:3      | Noticed Terence
  2630 | D:1      | Bought a heavily runed leather armour for 140 gold pieces
  2630 | D:1      | Identified the +0 leather armour of Wu Jian's Displeasure
                  | {rElec rN+ Str-3} (You bought it in a shop on level 1 of
                  | the Dungeon)
  3120 | D:4      | HP: 2/41 [orc priest/divine providence (12)]
  3124 | D:4      | Slain by an orc

Illustrated notes

Levels and vault maps discovered:
D:1:      lemuel_arrival_rhombus, layout_basic, serial_shops, shop_fountains
D:2:      layout_basic, basic_altar, serial_curves, eino_curves_02,
          eino_curves_01, serial_shops, nicolae_diamond_shop, grunt_decor_cap,
          grunt_ministairs_10
D:3:      layout_loops_corners, nicolae_wu_jian_wuxing_cycle,
          minmay_fractal_squares_5, uniq_terence
D:4:      layout_basic, kennysheep_mini_moat, temple_fountains,
          minmay_small_thing, uniq_blork_the_orc
D:5:      layout_rooms, grunt_temple_overflow_open, serial_shops,
          nicolae_shop_statue_plus, uniq_grinder
D:6:      layout_rooms, bh_walls_and_bars

Skill      XL: |  1  2  3  4 |
---------------+-------------+-----
Long Blades    | 4 5 |  5.7
Fighting       | |  3.0
Dodging        | |  3.0
Stealth        | |  2.0

Action                     |  1- 3 |  4- 6 || total
---------------------------+-------+-------++-------
  Melee: Falchion          |    91 |   120 ||   211
         Punch             |     2 |     2 ||     4
  Evoke: Wand              |       |     2 ||     2
    Use: Potion            |       |     1 ||     1
   Stab: Sleeping          |     7 |     2 ||     9
 Armour: Robe              |    15 |    22 ||    37
  Dodge: Dodged            |    49 |   111 ||   160

Table legend: (Time is in decaauts)
 A = Elapsed time spent in this place.
 B = Non-inter-level travel time spent in this place.
 C = Inter-level travel time spent in this place.
 D = Time resting spent in this place.
 E = Time spent auto-exploring this place.
 F = Levels seen in this place.
 G = Mean time per level.
                   A        B        C        D        E       F      G
               +--------+--------+--------+--------+--------+-----+--------+
         Total |   3138 |   3027 |    111 |    342 |   2043 |   6 |  523.0 |
       Dungeon |   3138 |   3027 |    111 |    342 |   2043 |   6 |  523.0 |
               +--------+--------+--------+--------+--------+-----+--------+

Top non-repeatable levels by time:
     D:3: 1177 daAuts
     D:1: 830 daAuts
     D:2: 678 daAuts
     D:4: 355 daAuts
     D:5: 92 daAuts
     D:6: 3 daAuts
